 Dungeon Crawl Stone Soup version 0.23-a0-487-gc6253629db (console) character file.

79 Hebeqt the Cudgeler (level 4, 0/60 HPs)
             Began as a Hill Orc Berserker on Dec 1, 2018.
             Was a Believer of Trog.
             Succumbed to an adder's poison
             ... on level 2 of the Dungeon.
             The game lasted 00:09:23 (1296 turns).

Hebeqt the Cudgeler (Hill Orc Berserker)            Turns: 1296, Time: 00:09:24

Health: 0/60       AC:  2    Str: 24    XL:     4   Next: 37%
Magic:  4/4        EV: 12    Int:  7    God:    Trog [**....]
Gold:   49         SH:  0    Dex: 11    Spells: 3/3 levels left

rFire    . . .     SeeInvis .   a - +0 mace
rCold    . . .     Gourm    .   (no shield)
rNeg     . . .     Faith    .   b - +0 animal skin
rPois    .         Spirit   .   (no helmet)
rElec    .         Reflect  .   (no cloak)
rCorr    .         Harm     .   (no gloves)
MR       .....                  (no boots)
Stlth    ..........             (no amulet)
HPRegen  0.20/turn              (no ring)
MPRegen  0.09/turn              (no ring)

@: berserking, lethally poisoned (0 -> -10), very quick
A: no striking features
a: Berserk, Trog's Hand, Renounce Religion


You were on level 2 of the Dungeon.
You worshipped Trog.
Trog was pleased with you.
You were not hungry.

You visited 1 branch of the dungeon, and saw 2 of its levels.

You collected 49 gold pieces.

Inventory:

Hand Weapons
 a - a +0 mace (weapon)
Armour
 b - a +0 animal skin (worn)
Scrolls
 e - a scroll of magic mapping {unknown}
 g - a scroll of identify {unknown}
Potions
 d - a potion of flight {unknown}
Comestibles
 c - 2 rations


   Skills:
 - Level 4.0 Fighting
 + Level 5.2 Maces & Flails
 - Level 2.2 Armour
 - Level 1.7 Dodging


You had 3 spell levels left.
You didn't know any spells.
Your spell library was empty.

Dungeon Overview and Level Annotations

Branches:
Dungeon (2/15)

Altars:


Message History

Pain shoots through your body!
* * * LOW HITPOINT WARNING * * *
The adder closely misses you.
You thump the adder!
You kill the adder!
Trog accepts your kill.
* * * LOW HITPOINT WARNING * * *
You feel sick. The adder bites you.
* * * LOW HITPOINT WARNING * * *
You are more poisoned.
The adder poisons you! Jessica hits you.
* * * LOW HITPOINT WARNING * * *
The goblin barely misses you.
You thump Jessica!
You kill Jessica!
Trog accepts your kill.
Trog appreciates your killing of a magic user.
Your Maces & Flails skill increases to level 5!
You have reached level 4!
You die...

## ### ...
..# ....
#.##.....
#####[S.....$
#....@†......
#.##.[g......
#<.........
#..........
.....######
###...# ##+##


You could see an adder and a goblin.

Vanquished Creatures
  Jessica (D:2)
  2 adders (D:2)
  2 dart slugs (D:1)
  A leopard gecko (D:1)
  6 bats (D:1)
  A giant cockroach (D:1)
  4 hobgoblins (D:1)
  3 jackals (D:1)
  9 frilled lizards (D:1)
  3 kobolds (D:1)
32 creatures vanquished.

Notes
Turn   | Place    | Note
-------+----------+-------------------------------------------
     0 | D:1      | Hebeqt the Hill Orc Berserker began the quest for the Orb.
     0 | D:1      | Reached XP level 1. HP: 19/19 MP: 1/1
   357 | D:1      | Reached XP level 2. HP: 20/27 MP: 2/2
   663 | D:1      | Reached ** piety under Trog
   663 | D:1      | Reached skill level 4 in Maces & Flails
   664 | D:1      | Reached XP level 3. HP: 29/33 MP: 3/3
  1284 | D:2      | Noticed Jessica
  1295 | D:2      | HP: 2/49 [adder (1)]
  1296 | D:2      | Killed Jessica
  1296 | D:2      | Reached skill level 5 in Maces & Flails
  1296 | D:2      | Reached XP level 4. HP: 1/40 MP: 4/4
  1296 | D:2      | Succumbed to an adder's poison

Vault maps used:
D:1:      elethiomel_arrival_shortcut, serial_forest,
          infiniplex_forest_clump_medium, infiniplex_forest_clump_double,
          infiniplex_forest_straight_3, infiniplex_forest_3_way,
          infiniplex_forest_lined_3_way, infiniplex_forest_corner_2,
          infiniplex_forest_end_2, kennysheep_pointless_box, minmay_lizard_pond
D:2:      lemuel_crystal_altar, lemuel_crystal_altar, uniq_robin, uniq_jessica

Skill      XL: |  1  2  3 |
---------------+----------+-----
Fighting       | 4 |  4.0
Maces & Flails | 4 5 |  5.2
Armour         | |  2.2
Dodging        | |  1.7

Action                   |  1- 3 |  4- 6 || total
-------------------------+-------+-------++-------
Melee: Mace              |   103 |       ||   103
Invok: Berserk           |     1 |       ||     1
  Eat: Ration            |     1 |       ||     1
Armor: Animal skin       |    24 |       ||    24
Dodge: Dodged            |   102 |       ||   102

Table legend:
 A = Non-vault XP
 B = Vault XP
 C = Vault XP percentage of total XP
 D = Non-vault monster count
 E = Vault monster count
 F = Vault count percentage of total count
                 A         B        C        D         E       F
            +---------+---------+-------+---------+---------+-------
      Total |      68 |      45 |  39.8 |      23 |       9 |  28.1
            +---------+---------+-------+---------+---------+-------
        D:1 |      42 |       8 |  16.0 |      21 |       8 |  27.6
        D:2 |      26 |      37 |  58.7 |       2 |       1 |  33.3
            +---------+---------+-------+---------+---------+-------
